 Dungeon Crawl Stone Soup version 0.31-a0-435-g2c6fae2916 (webtiles) character file.

Game seed: 16372642575033658481

6197 CraigForest the Basher (level 10, -4/58 HPs)
             Began as a Gargoyle Fighter on Aug 1, 2023.
             Was a Believer of Hepliaklqana.
             Slain by an orc warrior
             ... wielding a +0 glaive
              (13 damage)
             ... on level 8 of the Dungeon.
             The game lasted 00:32:01 (7469 turns).

CraigForest the Basher (Gargoyle Fighter)           Turns: 7469, Time: 00:32:02

Health: -4/58      AC: 14    Str: 23    XL:     10   Next: 91%
Magic:  0/10       EV: 14    Int: 10    God:    Hepliaklqana [**....]
Gold:   363        SH:  6    Dex: 12    Spells: 9/9 levels left

rFire   . . .        r - +1 morningstar
rCold   + . .        c - +1 buckler
rNeg    + . .        n - +0 scale mail of the Hecatoncheires {Dex+3}
rPois   ∞            s - +0 helmet
rElec   +            (no cloak)
rCorr   .            (no gloves)
SInv    .            (no boots)
Will    .....        l - amulet "Teaf" {Spirit Stlth+}
Stlth   +            E - +5 ring of evasion
HPRegen 0.29/turn    t - ring of protection from cold
MPRegen 0.12/turn

%: guardian spirit
@: mighty, unable to read
A: reduced essence, sickness immunity, AC +7, negative energy resistance 1,
electricity resistance, torment resistance 1, petrification resistance, deformed
body, inability to read after injury 1
a: Renounce Religion, Recall Ancestor, Ancestor Identity


You were on level 8 of the Dungeon.
You worshipped Hepliaklqana.
Hepliaklqana was pleased with you.
You visited 2 branches of the dungeon, and saw 9 of its levels.
You also visited: Bailey.

You collected 363 gold pieces.

Inventory:

Hand Weapons
 a - a +1 flail
 p - a +0 quarterstaff
 r - a +1 morningstar (weapon)
 w - a +0 broad axe
 I - a +2 heavy hand axe
 K - a +2 heavy hand axe
Missiles
 x - 6 boomerangs
 D - 8 poisoned darts
Armour
 b - a +0 scale mail
 c - a +1 buckler (worn)
 n - the +0 scale mail of the Hecatoncheires (worn) {Dex+3}
   (You found it on level 2 of the Dungeon)

   Dex:       It affects your dexterity (+3).
 s - a +0 helmet (worn)
Magical Staves
 A - a staff of death
Jewellery
 g - a ring of magical power
 l - the amulet "Teaf" (around neck) {Spirit Stlth+}
   (You found it on level 2 of the Dungeon)

   [amulet of guardian spirit]

   It causes incoming damage to be divided between your reserves of health and
   magic.
   Stlth:     It makes you more stealthy.
 t - a ring of protection from cold (right hand)
 E - a +5 ring of evasion (left hand)
Talismans
 d - a beast talisman
 k - a serpent talisman
Wands
 v - a wand of flame (22) (quivered)
 y - a wand of polymorph (2)
 B - a wand of light (8)
 G - a wand of mindburst (6)
 L - a wand of iceblast (3)
Scrolls
 h - a scroll of enchant armour
 m - 2 scrolls of fog
 u - a scroll of teleportation
 z - a scroll of revelation
 H - 2 scrolls of identify
Potions
 e - a potion of lignification
 f - a potion of brilliance
 j - 2 potions of attraction
 o - 3 potions of curing
 q - 2 potions of enlightenment
 C - 2 potions of magic
 F - a potion of might
 J - a potion of cancellation {unknown}


   Skills:
 + Level 8.5 Fighting
 + Level 12.3 Maces & Flails
 + Level 8.8 Armour
 + Level 1.3 Stealth
 - Level 4.0 Shields


You had 9 spell levels left.
You didn't know any spells.
Your spell library contained the following spells:

 Spells                   Type           Power      Damage    Failure   Level
 Sandblast                Erth           0%         2d4       71%         1
 Summon Small Mammal      Summ           0%         N/A       71%         1
 Passwall                 Tmut/Erth      0%         N/A       83%         2
 Scorch                   Fire           0%         2d5       83%         2
 Call Canine Familiar     Summ           0%         N/A       97%         3
 Frozen Ramparts          Ice            0%         1d1       97%         3
 Inner Flame              Hex/Fire       0%         N/A       97%         3
 Stone Arrow              Conj/Erth      0%         3d7       97%         3
 Summon Guardian Golem    Hex/Summ       0%         N/A       97%         3
 Animate Dead             Necr           0%         N/A       100%        4
 Flame Wave               Conj/Fire      0%         2d4       100%        4
 Petrify                  Tmut/Erth      0%         N/A       100%        4
 Sticky Flame             Conj/Fire      0%         2d3       100%        4
 Metabolic Englaciation   Hex/Ice        0%         N/A       100%        5
 Summon Cactus Giant      Summ           0%         N/A       100%        6
 Haunt                    Necr/Summ      0%         N/A       100%        7
 Infestation              Necr           0%         N/A       100%        8


Dungeon Overview and Level Annotations

Branches:
Dungeon (8/15)             Temple (1/1) D:7            Lair (0/5) D:8
 Bailey (visited)

Altars:
Ashenzari
Cheibriados
Dithmenos
Elyvilon
Fedhas
Gozag
Hepliaklqana
Kikubaaqudgha
Makhleb
Nemelex Xobeh
Qazlal
Ru
Sif Muna
Trog
Vehumet
Wu Jian
Xom
Yredelemnul
Zin
The Shining One


Innate Abilities, Weirdness & Mutations

Your life essence is reduced to manifest your ancestor. (-10% HP)
You are immune to sickness and miasma.
Your stone body is resilient. (AC +7)
You are immune to poison.
You resist negative energy. (rN+)
You are resistant to electric shocks. (rElec)
You are resistant to unholy torment.
You are immune to petrification.
Armour fits poorly on your strangely shaped body.
You occasionally lose the ability to read scrolls when taking damage.


Message History

The puff of flame hits you!
* * * LOW HITPOINT WARNING * * *
You block the orc warrior's attack. You block the orc's attack.
You feel much better. The orc hits you but does no damage.
The orc wizard misses you. You block the orc warrior's attack.
The orc hits you but does no damage.
Unknown command.
You barely miss the orc wizard. You block the orc's attack.
The orc wizard barely misses you. You block the orc warrior's attack.
The orc barely misses you.
You hit the orc wizard but do no damage.
The orc misses you. The orc wizard misses you.
The orc hits you with a +0 short sword. The orc warrior closely misses you.
You closely miss the orc wizard.
The orc wizard hits you but does no damage.
You block the orc's attack. The orc completely misses you.
The orc warrior hits you but does no damage.
You barely miss the orc wizard.
The orc wizard gestures at you while chanting.
You easily resist.
The orc closely misses you. The orc warrior barely misses you.
The orc hits you with a +0 short sword.
You bludgeon the orc wizard!!
You kill the orc wizard!
You block the orc warrior's attack. The orc barely misses you.
The orc completely misses you.
You barely miss the orc. You closely miss the orc.
The orc warrior hits you from afar with a +0 glaive!
* * * LOW HITPOINT WARNING * * *
The orc hits you with a +0 whip.
* * * LOW HITPOINT WARNING * * *
The orc hits you but does no damage.
You bludgeon the orc!!
You kill the orc!
The orc hits you with a +0 short sword.
* * * LOW HITPOINT WARNING * * *
The orc warrior barely misses you.
You barely miss the orc.
The orc warrior hits you from afar with a +0 glaive!
You die...

##...........#.#
#..............
.......>.......
....P.........#
#...........#
#.........############
#.))oo####..........
... #@#†#....########.
#.# #.†.......# #. #.#
###.#....## #. #)#
..##.#.## ###. #.#
#!.....#.# #.>. #.#
########.# #.#.
####.### ##+# #.#.
#...<..# ##...## #.#.
#.##.#.# ##.....##
#.##


You could see an orc warrior and an orc.

Vanquished Creatures
  2 vault guards (Bailey)
  Prince Ribbit (Bailey)
  6 humans (Bailey)
  A steam dragon (D:6)
  A warg (D:8)
  A water moccasin (D:7)
  Duvessa (D:5)
  4 black bears
  2 orc warriors
  An ice beast (D:6)
  A sky beast (D:6)
  An ogre (D:5)
  A centaur (D:6)
  4 phantoms
  11 bullfrogs
  Dowan (D:5)
  The ghost of BaconRulez the Changeling, a weakling DgSh (D:3)
  5 electric eels (D:6)
  2 hounds
  3 quasits (D:4)
  2 orc priests (D:8)
  2 jellies
  2 gnoll boudas (D:5)
  3 iguanas
  7 orc wizards
  8 gnolls
  5 adders
  2 shadow imps (D:4)
  2 white imps (D:6)
  An ufetubus (D:4)
  A worm (D:2)
  A dart slug (D:1)
  27 orcs
  12 ball pythons
  6 endoplasms
  6 giant cockroaches
  12 goblins
  7 hobgoblins
  6 kobolds
  7 quokkas
  4 bats
  6 frilled lizards
  6 rats
  A spectral orc (D:5)
186 creatures vanquished.

Vanquished Creatures (collateral kills)
  A warg (D:8)
  A sky beast (D:7)
  An ogre (D:7)
  A scorpion (D:6)
  A gnoll sergeant (D:6)
  3 orc wizards
  An orc (D:7)
  2 goblins
  A hobgoblin (Bailey)
12 creatures vanquished.

Vanquished Creatures (others)
  3 ancestors (Bailey)
  A gnoll (D:6)
4 creatures vanquished.

Grand Total: 202 creatures vanquished

Notes
Turn   | Place    | Note
-------+----------+-------------------------------------------
     0 | D:1      | CraigForest the Gargoyle Fighter began the quest for the
                  | Orb.
     0 | D:1      | Reached XP level 1. HP: 14/14 MP: 1/1
    62 | D:1      | Reached XP level 2. HP: 13/19 MP: 2/2
   487 | D:1      | Reached XP level 3. HP: 24/24 MP: 3/3
   602 | D:1      | Found a faded altar of an unknown god.
   602 | D:1      | Noticed a Hell Sentinel
  1163 | D:2      | Identified the amulet "Teaf" {Spirit Stlth+}
  1298 | D:2      | Identified the +0 scale mail of the Hecatoncheires {Dex+3}
  1336 | D:2      | Found an ornate altar of the Wu Jian Council.
  1527 | D:2      | Reached XP level 4. HP: 14/29 MP: 4/4
  1606 | D:2      | Reached skill level 3 in Maces & Flails
  1661 | D:2      | Gained mutation: You are vulnerable to cold. (rC-) [potion
                  | of mutation]
  1661 | D:2      | Gained mutation: You are vulnerable to heat. (rF-) [potion
                  | of mutation]
  1895 | D:3      | Found a sparkling altar of Nemelex Xobeh.
  2057 | D:3      | Found a runed translucent door.
  2079 | D:3      | Noticed BaconRulez's ghost (weakling DgSh)
  2099 | D:3      | Killed BaconRulez's ghost
  2100 | D:3      | Reached XP level 5. HP: 29/33 MP: 5/5
  2191 | D:3      | Noticed an air elemental
  2193 | D:3      | Found a stormy altar of Qazlal.
  2195 | D:3      | Noticed a fire elemental
  2195 | D:3      | Noticed a water elemental
  2723 | D:4      | Reached skill level 4 in Maces & Flails
  3064 | D:4      | Reached XP level 6. HP: 38/38 MP: 6/6
  3267 | D:5      | Entered Level 5 of the Dungeon
  3302 | D:5      | Noticed Duvessa
  3302 | D:5      | Noticed Dowan
  3323 | D:5      | Killed Duvessa
  3324 | D:5      | Reached skill level 5 in Maces & Flails
  3327 | D:5      | Killed Dowan
  3353 | D:5      | Reached XP level 7. HP: 26/44 MP: 4/7
  3522 | D:5      | Reached skill level 5 in Armour
  3684 | D:5      | Reached skill level 5 in Fighting
  3826 | D:5      | Reached skill level 6 in Maces & Flails
  4177 | D:5      | Reached XP level 8. HP: 39/50 MP: 8/8
  4523 | D:5      | Found a hazy altar of Hepliaklqana.
  4535 | D:5      | Became a worshipper of Hepliaklqana the Forgotten
  4654 | D:5      | Reached skill level 7 in Maces & Flails
  5207 | D:6      | Reached skill level 8 in Maces & Flails
  5370 | D:6      | Reached XP level 9. HP: 53/55 MP: 9/9
  5411 | D:6      | Reached * piety under Hepliaklqana
  5492 | D:6      | Reached skill level 9 in Maces & Flails
  6264 | D:7      | Found an ancient bone altar of Kikubaaqudgha.
  6397 | D:7      | Found a flagged portal.
  6412 | Bailey   | Entered a bailey
  6425 | Bailey   | Reached skill level 10 in Maces & Flails
  6540 | Bailey   | Reached XP level 10. HP: 54/56 MP: 7/10
  6546 | Bailey   | Reached skill level 1 in Stealth
  6571 | Bailey   | Reached skill level 11 in Maces & Flails
  6584 | Bailey   | Noticed Prince Ribbit
  6585 | Bailey   | Noticed a vault guard
  6592 | Bailey   | Killed Prince Ribbit
  6598 | Bailey   | Killed a vault guard
  6608 | Bailey   | Lost mutation: You are vulnerable to cold. (rC-) [potion of
                  | mutation]
  6608 | Bailey   | Lost mutation: You are vulnerable to heat. (rF-) [potion of
                  | mutation]
  6608 | Bailey   | Gained mutation: Armour fits poorly on your strangely
                  | shaped body. [potion of mutation]
  6608 | Bailey   | Gained mutation: You sometimes lose your temper in combat.
                  | [potion of mutation]
  6608 | Bailey   | Gained mutation: You occasionally lose the ability to read
                  | scrolls when taking damage. [potion of mutation]
  6608 | Bailey   | Lost mutation: You sometimes lose your temper in combat.
                  | [potion of mutation]
  6677 | Bailey   | Noticed a vault guard
  6698 | Bailey   | Killed a vault guard
  6807 | Bailey   | Reached skill level 12 in Maces & Flails
  6994 | D:7      | Found a staircase to the Ecumenical Temple.
  7014 | Temple   | Entered the Ecumenical Temple
  7400 | D:8      | Reached ** piety under Hepliaklqana
  7401 | D:8      | Remembered your ancestor Serina as a battlemage
  7441 | D:8      | Found a staircase to the Lair.
  7469 | D:8      | Slain by an orc warrior

Illustrated notes

Levels and vault maps discovered:
D:1:      dpeg_arrival_water_temple_mockup, layout_basic,
          dreamdust_ecumenical_altar_sealed_demon, minmay_quantized
D:2:      layout_loops_cross, basic_altar
D:3:      layout_loops_cross, mainiacjoe_overflow_cross_hatched,
          nicolae_qazlal_style_of_elements, gammafunk_ghost_grave
D:4:      layout_loops_ring, serial_demonic, serial_demonic_f, serial_demonic_d,
          serial_demonic_f, serial_demonic_d
D:5:      layout_loops_corners, nicolae_hepliaklqana_monster_ancestors,
          nicolae_grassy_gnolls, uniq_duvessa
D:6:      layout_loops_ring, serial_bayou, serial_bayou_lake_a,
          serial_bayou_pond_b, serial_bayou_lagoon_a, serial_bayou_shore_a
D:7:      layout_basic, old_standard_altar, minmay_temple_entry_trees,
          enter_bailey_3
D:8:      layout_loops_corners, gammafunk_temple_overflow_arena,
          erik_lair_orcish_takeover, nicolae_nh_ransacked_shop
Temple:   regret_index_temple_generic_petals

Skill      XL: |  1  2  3  4  5  6  7  8  9 10 |
---------------+-------------------------------+-----
Maces & Flails | 3 4 5 6 8 10 12 | 12.3
Fighting       | 4 5 6 7 8 |  8.5
Armour         | 4 5 7 8 |  8.8
Shields        | 4 |  4.0
Stealth        | 1 |  1.3

Action                     |  1- 3 |  4- 6 |  7- 9 | 10-12 || total
---------------------------+-------+-------+-------+-------++-------
  Melee: Flail             |   133 |   208 |   293 |       ||   634
         Morningstar       |       |       |   110 |   124 ||   234
 Invoke: Ancestor Identity |       |       |     1 |       ||     1
         Ancestor Life: Ba |       |       |       |     1 ||     1
  Evoke: Wand              |       |     4 |     5 |     4 ||    13
    Use: Scroll            |     3 |    12 |     6 |     1 ||    22
         Potion            |       |     2 |     1 |     6 ||     9
 Armour: Scale mail        |    64 |   172 |   198 |    53 ||   487
  Dodge: Dodged            |    63 |   151 |   165 |   109 ||   488
  Block: Buckler           |    21 |    78 |   104 |    49 ||   252

Table legend: (Time is in decaauts)
 A = Elapsed time spent in this place.
 B = Non-inter-level travel time spent in this place.
 C = Inter-level travel time spent in this place.
 D = Time resting spent in this place.
 E = Time spent auto-exploring this place.
 F = Levels seen in this place.
 G = Mean time per level.
                   A        B        C        D        E       F      G
               +--------+--------+--------+--------+--------+-----+--------+
         Total |   7656 |   7504 |    152 |    436 |   5035 |  10 |  765.6 |
       Dungeon |   7199 |   7047 |    152 |    436 |   4803 |   8 |  899.9 |
        Temple |      1 |      1 |      0 |      0 |      0 |   1 |    1.0 |
        Bailey |    454 |    454 |      0 |      0 |    232 |   1 |  454.0 |
               +--------+--------+--------+--------+--------+-----+--------+

Top non-repeatable levels by time:
     D:5: 1597 daAuts
     D:6: 1444 daAuts
     D:1: 1107 daAuts
     D:3: 772 daAuts
     D:4: 739 daAuts
     D:2: 738 daAuts
     D:7: 547 daAuts
  Bailey: 454 daAuts
     D:8: 253 daAuts
  Temple: 1 daAuts
